 Dungeon Crawl Stone Soup version 0.25.1-2-g60ff931df9 (webtiles) character file.

Game seed: 13295025133758294385

772 mcdonaldsbigmac the Magician (level 7, 36/36 HPs)
             Began as a Deep Elf Wizard on Nov 6, 2020.
             Quit the game in the Ecumenical Temple.
             The game lasted 00:16:13 (6788 turns).

mcdonaldsbigmac the Magician (Deep Elf Wizard)      Turns: 6788, Time: 00:16:14

Health: 36/36      AC:  5    Str:  4    XL:     7   Next: 53%
Magic:  18/18      EV: 12    Int: 25    God:
Gold:   275        SH:  0    Dex: 13    Spells: 7/18 levels left

rFire    . . .     SeeInvis .   n - +2 short sword (flame)
rCold    . . .     Gourm    .   (no shield)
rNeg     . . .     Faith    .   a - +0 robe
rPois    .         Spirit   .   b - +1 hat
rElec    .         Reflect  .   z - scarf {repulsion}
rCorr    .         Harm     .   g - +1 pair of gloves
MR       .....                  (no boots)
Stlth    ++........             (no amulet)
HPRegen  0.12/turn              (no ring)
MPRegen  0.16/turn              (no ring)

@: drained, repel missiles
A: no striking features
a: no special abilities


You were in the Ecumenical Temple.
You were not hungry.

You visited 2 branches of the dungeon, and saw 6 of its levels.

You collected 275 gold pieces.

Inventory:

Hand Weapons
 n - a +2 short sword of flaming (weapon)
 v - a +2 quarterstaff of chaos
Missiles
 c - 93 stones (quivered)
Armour
 a - a +0 robe (worn)
 b - a +1 hat (worn)
 g - a +1 pair of gloves (worn)
 w - a +0 cloak
 y - a +0 leather armour
 z - a scarf of repulsion (worn)
Magical Staves
 C - an uncursed staff of death {unknown}
Jewellery
 u - a cursed ring of teleportation {unknown}
Wands
 f - a wand of polymorph (7)
 h - a wand of iceblast (9)
Scrolls
 e - a scroll of amnesia
 r - 2 scrolls of remove curse
Potions
 i - a potion of magic {unknown}
 j - a potion of brilliance {unknown}
 k - a potion of might
 l - a potion of haste {unknown}
 m - a potion of mutation {unknown}
 p - a potion of invisibility {unknown}
 q - 2 potions of stabbing {unknown}
 s - 3 potions of flight
 t - 5 potions of curing
 x - a potion of lignification {unknown}
 A - 2 potions of heal wounds
Comestibles
 d - 4 rations


   Skills:
 - Level 2.4(1.9) Dodging
 - Level 2.4(1.8) Stealth
 + Level 6.4(5.8) Spellcasting
 + Level 5.7(5.1) Conjurations
 - Level 1.1(0.5) Summonings
 - Level 1.1(0.5) Translocations
 - Level 3.6(3.0) Fire Magic
 - Level 2.6(2.0) Air Magic
 - Level 2.8(2.2) Poison Magic


You had 7 spell levels left.
You knew the following spells:

 Your Spells              Type           Power        Failure   Level  Hunger
a - Magic Dart            Conj           ####         1%          1    None
b - Conjure Flame         Conj/Fire      ####....     4%          3    #......
c - Mephitic Cloud        Conj/Pois/Air  ###.....     6%          3    #......
d - Call Imp              Summ           ##......     9%          2    None
j - Blink                 Tloc           N/A          9%          2    None

Your spell library contained the following spells:

 Spells                   Type           Power        Failure   Level  Hunger
 Slow                     Hex            #.......     12%         2    None


Dungeon Overview and Level Annotations

Branches:
Dungeon (5/15)             Temple (1/1) D:5

Altars:
Ashenzari
Cheibriados
Dithmenos
Elyvilon
Fedhas
Hepliaklqana
Kikubaaqudgha
Makhleb
Nemelex Xobeh
Okawaru
Qazlal
Ru
Trog
Uskayaw
Wu Jian
Xom
Yredelemnul
Zin
The Shining One

Annotations:
D:5 Dowan, Duvessa


Message History

Things that are here:
a +0 war axe; a +0 leather armour
Things that are here:
a +0 hand axe; a +0 leather armour; an orc skeleton
c - 93 stones (gained 5)
There is a shattered altar of Ashenzari here.
Found a snail-covered altar of Cheibriados.
Found a glowing golden altar of the Shining One.
There is a hide-covered altar of Uskayaw here.
Found a shadowy altar of Dithmenos.
Found an ancient bone altar of Kikubaaqudgha.
There is a sacrificial altar of Ru here.
Done exploring.
Done exploring.
Done exploring.
Done exploring.
Done exploring.
Search for what [Enter for "."]? vehu Can't find anything matching that.
Are you sure you want to abandon this character and quit the game? (Confirm with "yes".)

### ### ##≈#######§##
####§.≈##≈##§.≈####
##≈§≈...#...#...≈≈≈##
#≈≈≈.._.8...8._..§≈≈#
#§≈......._...@...§≈#
##≈.............._§.≈##
##≈§................§§§##
#§.§_..............._..≈#
##§...................≈##
###8......)........8###
##.......))..........##
#≈.._......<......_..§#
##...................##


There were no monsters in sight!

Vanquished Creatures
  An ice beast (D:4)
  A phantom (D:4)
  A bullfrog (D:4)
  A scorpion (D:4)
  A killer bee (D:5)
  2 orc priests
  A centaur skeleton (D:4)
  2 worker ants
  6 adders
  3 oozes
  4 worms
  A dart slug (D:3)
  5 leopard geckos
  12 orcs
  3 giant cockroaches
  8 goblins
  8 hobgoblins
  8 kobolds
  A quokka (D:4)
  A ball python (D:4)
  11 bats
  3 frilled lizards (D:2)
  5 rats
89 creatures vanquished.

Vanquished Creatures (collateral kills)
  An ogre (D:4)
  A howler monkey (D:4)
  A hound (D:4)
  2 orc wizards (D:5)
  An orc priest (D:3)
  Crazy Yiuf (D:2)
  Jessica (D:2)
  7 orcs
  A giant cockroach (D:2)
  5 jackals
  2 rats
23 creatures vanquished.

Grand Total: 112 creatures vanquished

Notes
Turn   | Place    | Note
-------+----------+-------------------------------------------
     0 | D:1      | mcdonaldsbigmac the Deep Elf Wizard began the quest for the
                  | Orb.
     0 | D:1      | Reached XP level 1. HP: 10/10 MP: 7/7
   149 | D:1      | Reached XP level 2. HP: 9/15 MP: 1/9
   159 | D:1      | Learned a level 2 spell: Blink
   162 | D:1      | Learned a level 2 spell: Call Imp
  1372 | D:2      | Reached XP level 3. HP: 19/19 MP: 11/11
  1581 | D:2      | Reached skill level 5 in Spellcasting
  1661 | D:2      | Noticed Jessica
  1667 | D:2      | Killed Jessica
  1756 | D:2      | Learned a level 3 spell: Conjure Flame
  1885 | D:2      | Reached skill level 1 in Fire Magic
  1885 | D:2      | Reached XP level 4. HP: 24/24 MP: 5/13
  2599 | D:2      | Found a blossoming altar of Fedhas.
  2851 | D:2      | Found a burning altar of Makhleb.
  2909 | D:2      | Found a glowing silver altar of Zin.
  2909 | D:2      | Noticed an angel
  2911 | D:2      | Noticed a cacodemon
  2933 | D:2      | Found a runed translucent door.
  2934 | D:2      | Noticed Crazy Yiuf
  3065 | D:2      | Killed Crazy Yiuf
  3065 | D:2      | Reached XP level 5. HP: 28/28 MP: 4/14
  3235 | D:3      | Found a hazy altar of Hepliaklqana.
  3235 | D:3      | Found a blossoming altar of Fedhas.
  3448 | D:3      | Found a sparkling altar of Nemelex Xobeh.
  3826 | D:2      | Learned a level 3 spell: Mephitic Cloud
  4265 | D:3      | Reached skill level 1 in Air Magic
  4265 | D:3      | Reached skill level 1 in Poison Magic
  4719 | D:4      | Lost strength.
  4759 | D:4      | Reached XP level 6. HP: 32/32 MP: 11/15
  5202 | D:4      | Noticed an ice beast
  5236 | D:4      | Killed an ice beast
  5467 | D:4      | Reached XP level 7. HP: 36/36 MP: 10/16
  5694 | D:4      | Reached skill level 5 in Conjurations
  5779 | D:4      | Found an iron altar of Okawaru.
  6137 | D:5      | Entered Level 5 of the Dungeon
  6173 | D:5      | Reached skill level 6 in Spellcasting
  6298 | D:5      | Noticed Duvessa
  6300 | D:5      | Noticed Dowan
  6489 | D:5      | Found a staircase to the Ecumenical Temple.
  6507 | Temple   | Entered the Ecumenical Temple
  6788 | Temple   | Quit the game

Illustrated notes

Levels and vault maps discovered:
D:1:      dpeg_arrival_signposts, layout_basic
D:2:      kennysheep_six_static_rooms, layout_basic,
          grunt_temple_overflow_order_and_chaos_2, fedhas_altar_fruit_tree,
          uniq_jessica, uniq_crazy_yiuf_cottage
D:3:      layout_basic, lemuel_round_altar,
          chequers_temple_overflow_statue_of_worship
D:4:      layout_basic, first_ration, okawaru_gym_becter
D:5:      layout_basic, minmay_temple_entry_crystal_x, uniq_duvessa
Temple:   eino_temple_lava

Skill      XL: |  1  2  3  4  5  6  7 |
---------------+----------------------+-----
Conjurations   | 2 3 4 5 |  5.7
Spellcasting   | 5 6 |  6.4
Fire Magic     | 1 3 |  3.6
Air Magic      | 1 2 |  2.6
Poison Magic   | 1 2 |  2.8
Dodging        | |  2.4
Stealth        | |  2.4
Summonings     | |  1.1
Translocations | |  1.1

Action                   |  1- 3 |  4- 6 |  7- 9 || total
-------------------------+-------+-------+-------++-------
Melee: Short sword       |     2 |    12 |     4 ||    18
Throw: Stone             |       |     1 |       ||     1
 Cast: Magic Dart        |    70 |   146 |    45 ||   261
       Call Imp          |     4 |    43 |     8 ||    55
       Conjure Flame     |       |     5 |     2 ||     7
       Blink             |       |       |     4 ||     4
       Mephitic Cloud    |       |       |     3 ||     3
Evoke: Wand              |       |       |     3 ||     3
  Use: Scroll            |       |    11 |     1 ||    12
 Stab: Sleeping          |     1 |       |       ||     1
  Eat: Ration            |     1 |       |     1 ||     2
       Chunk             |       |    10 |     2 ||    12
Armor: Robe              |     5 |     4 |     7 ||    16
Dodge: Dodged            |    11 |    37 |    25 ||    73
       Repelled          |       |       |     2 ||     2
